 Dungeon Crawl Stone Soup version 0.28.0 (webtiles) character file.

Game seed: 17244767503915419906

5649 snetch the Thaumaturge (level 11, 0/72 HPs)
             Began as a Djinni Fire Elementalist on Feb 14, 2022.
             Was an Elder of Fedhas.
             Slain by a seven-headed hydra (7 damage)
             ... on level 8 of the Dungeon.
             The game lasted 00:41:57 (10656 turns).

snetch the Thaumaturge (Djinni Fire Elementalist)  Turns: 10656, Time: 00:41:59

Health: 0/72       AC:  9    Str:  7    XL:     11   Next: 4%
Gold:   745        EV: 14    Int: 21    God:    Fedhas [****..] SH:  0 Dex: 14

rFire   + + .      SeeInvis .   a - +9 trident of Trauma {pain, *Slow rPois rC+ Will+++}
rCold   . . .      Faith    .   (no shield)
rNeg    . . .      Spirit   .   U - +0 steam dragon scales
rPois   ∞          Reflect  .   (no helmet)
rElec   .          Harm     .   q - +0 cloak
rCorr   .          Rampage  .   k - +0 pair of gloves
Will    ++++.                   (boots unavailable)
Stlth   ++........              (no amulet)
HPRegen 0.22/turn               E - ring of wizardry
MPRegen 0.00/turn               (no ring)

@: flying
A: sickness immunity, fire resistance 2, cold vulnerability 1, float, innate
caster, HP casting, extra vitality 1
a: Renounce Religion, Wall of Briars, Grow Ballistomycete, Overgrow


You were on level 8 of the Dungeon.
You worshipped Fedhas.
Fedhas was greatly pleased with you.
You visited 2 branches of the dungeon, and saw 9 of its levels.

You collected 855 gold pieces.
You spent 110 gold pieces at shops.

Inventory:

Hand Weapons
 a - the +9 trident of Trauma (weapon) {pain, *Slow rPois rC+ Will+++}
   (You found it on level 5 of the Dungeon)

   In the hands of one skilled in necromantic magic, it inflicts extra damage on
   living creatures.
   Your inability to study Necromancy prevents you from drawing on the full
   power of this weapon.
   rC:        It protects you from cold.
   rPois:     It protects you from poison.
   *Slow:     It may slow you when you take damage.
   Will:      It greatly increases your willpower.
 b - a +4 quarterstaff of chaos
 c - a +2 mace of protection
 d - a +3 falchion of freezing
 e - a +3 halberd
 f - a +0 battleaxe
 w - a +3 short sword of protection
 B - a +1 flail of holy wrath
 T - a +5 antimagic broad axe
Missiles
 g - 157 stones
 h - 86 sling bullets
 u - 53 poisoned darts
 C - 8 javelins
 D - 112 arrows
 H - 2 throwing nets
 I - 31 bolts
 V - a curare-tipped dart
Armour
 k - a +0 pair of gloves (worn)
 q - a +0 cloak (worn)
 U - +0 steam dragon scales (worn)
Jewellery
 E - a ring of wizardry (left hand)
 F - a +6 ring of dexterity
 P - a ring of protection from fire
Wands
 s - a wand of iceblast (18)
 v - a wand of acid (11)
 y - a wand of flame (28)
Scrolls
 i - a scroll of fog {unknown}
 m - a scroll of enchant weapon {unknown}
 o - a scroll of vulnerability {unknown}
 x - a scroll of blinking {unknown}
 J - a scroll of fear {unknown}
 K - a scroll of summoning {unknown}
 M - 2 scrolls of magic mapping {unknown}
 O - a scroll of teleportation {unknown}
 Q - 8 scrolls of identify {unknown}
 R - a scroll of noise {unknown}
 S - a scroll of brand weapon {unknown}
Potions
 j - 5 potions of curing
 l - a potion of flight {unknown}
 n - 4 potions of brilliance {unknown}
 p - 2 potions of resistance {unknown}
 r - 2 potions of heal wounds
 A - 2 potions of attraction {unknown}
 G - a potion of haste {unknown}
 L - a potion of degeneration {unknown}
 N - a potion of lignification


   Skills:
 + Level 3.7 Fighting
 + Level 6.5 Armour
 + Level 5.5 Dodging
 + Level 3.4 Stealth
 + Level 9.9 Spellcasting


You had 4 spell levels left.
You knew the following spells:

 Your Spells              Type           Power      Damage    Failure   Level
a - Foxfire               Conj/Fire      100%       2x1d9     1%          1
b - Scorch                Fire           100%       2d10      1%          2
c - Conjure Flame         Conj/Fire      51%        6-21      1%          3
d - Inner Flame           Hex/Fire       51%        N/A       1%          3
e - Flame Wave            Conj/Fire      51%        2d10      1%          4
f - Animate Skeleton      Necr           100%       N/A       1%          1
g - Searing Ray           Conj           100%       2d8       1%          2
h - Blink                 Tloc           100%       N/A       1%          2
i - Teleport Other        Tloc           51%        N/A       1%          3
j - Olgreb's Toxic Radia  Pois           51%        N/A       1%          4
Your spell library was empty.

Dungeon Overview and Level Annotations

Branches:
Dungeon (8/15)             Temple (1/1) D:5
   Lair: D:8-11

Altars:
Ashenzari
Cheibriados
Dithmenos
Fedhas
Gozag
Hepliaklqana
Kikubaaqudgha
Makhleb
Nemelex Xobeh
Okawaru
Qazlal
Ru
Trog
Uskayaw
Vehumet
Wu Jian
Xom
Yredelemnul
Zin
The Shining One

Shops:
D:5 !   D:6 :   D:8 (

Annotations:
D:4 gold behind grate
D:5 stuff behind rock


Innate Abilities, Weirdness & Mutations

You are immune to sickness and miasma.
You are immune to poison.
Your flesh is very heat resistant. (rF++)
You are vulnerable to cold. (rC-)
You float through the air rather than walking.
You learn spells naturally, not from books.
Your magical power is your life essence.
You have superior vitality. (+4 MHP)


Message History

* * * LOW HITPOINT WARNING * * *
The seven-headed hydra barely misses you.
The seven-headed hydra bites you!
* * * LOW HITPOINT WARNING * * *
The seven-headed hydra bites you but does no damage.
The seven-headed hydra barely misses you.
The seven-headed hydra bites you but does no damage.
The centaur unwields a +0 shortbow.
The centaur hits you but does no damage.
The centaur misses you. The centaur barely misses you.
The centaur misses you. x2
The centaur kicks you but does no damage.
You feel much better.
The centaur is no longer more vulnerable to fire.
The centaur closely misses you. The centaur barely misses you.
The seven-headed hydra bites you.
The seven-headed hydra bites you but does no damage.
The seven-headed hydra completely misses you.
The seven-headed hydra barely misses you.
The seven-headed hydra closely misses you.
The seven-headed hydra bites you!
* * * LOW HITPOINT WARNING * * *
The seven-headed hydra bites you!
* * * LOW HITPOINT WARNING * * *
The centaur hits you but does no damage.
The centaur kicks you but does no damage.
You see here a +0 dagger.
The centaur wields a +0 shortbow.
The centaur shoots an arrow.
The arrow barely misses you.
Found a burning altar of Makhleb.
Casting: Teleport Other (safe; 1% risk of failure)
Confirm with . or Enter, or press ? or * to list all spells.
Aiming: Teleport Other (safe; 1% risk of failure)
Press: ? - help, Shift-Dir - straight line, f/p - seven-headed hydra
Aim: a seven-headed hydra (chance to affect: 49%)
The seven-headed hydra resists with some effort.
* * * LOW HITPOINT WARNING * * *
The seven-headed hydra bites you!
You die...
Fedhas appreciates your contribution to the ecosystem.

..### #.... . .... #.#
##..# ######
#..##...###...@#####+
##........#._.#Dc...#
..........#...#.###.#
.......<..#####)#...#
..........####....###
#............###....#
##...........#...#†#####
#.......#####.###†#...#
#.....#.## ##.....#._.#


You could see a seven-headed hydra and a centaur.

Vanquished Creatures
  A two-headed ogre (D:8)
  Maggie (D:7)
  A tengu conjurer (D:8)
  A hornet (D:7)
  Sigmund (D:3)
  A steam dragon (D:6)
  A water moccasin (D:7)
  2 necrophages
  5 ice beasts
  A black bear (D:5)
  4 sky beasts
  2 ogres
  A phantom (D:6)
  2 centaurs (D:7)
  3 kobold brigands
  4 bullfrogs
  A scorpion (D:7)
  A wyvern skeleton (D:7)
  2 electric eels (D:6)
  5 wights
  A howler monkey (D:7)
  A centaur zombie (D:7)
  2 bullfrog zombies
  Crazy Yiuf (D:3)
  3 hounds
  2 jellies
  2 orc priests
  A bullfrog skeleton (D:4)
  3 gnoll shamans (D:5)
  Terence (D:3)
  6 iguanas
  2 orc wizards
  A killer bee zombie (D:5)
  A hound zombie (D:5)
  A hound skeleton (D:2)
  A howler monkey zombie (D:7)
  12 adders
  18 gnolls
  A howler monkey skeleton (D:7)
  A shadow imp (D:7)
  3 white imps
  An ufetubus (D:6)
  An adder skeleton (D:4)
  3 worms
  2 dart slugs
  20 orcs
  6 ball pythons
  5 endoplasms
  5 giant cockroaches
  8 goblins
  5 hobgoblins
  23 kobolds
  3 quokkas
  11 bats
  4 frilled lizards
  5 rats
206 creatures vanquished.

Vanquished Creatures (collateral kills)
  A water moccasin (D:5)
  2 ogres
  A kobold brigand (D:8)
  A jelly (D:5)
  A howler monkey zombie (D:7)
  An adder (D:2)
  A bat (D:3)
  3 kobolds (D:8)
11 creatures vanquished.

Vanquished Creatures (others)
  471 foxfires
471 creatures vanquished.

Grand Total: 688 creatures vanquished

Notes
Turn   | Place    | Note
-------+----------+-------------------------------------------
     0 | D:1      | snetch the Djinni Fire Elementalist began the quest for the
                  | Orb.
     0 | D:1      | Reached XP level 1. HP: 15/15 MP: 0/0
    23 | D:2      | Reached skill level 3 in Spellcasting
    23 | D:2      | Reached XP level 2. HP: 7/21 MP: 0/0
   317 | D:2      | Reached XP level 3. HP: 15/25 MP: 0/0
   317 | D:2      | Learned a level 1 spell: Animate Skeleton
   507 | D:4      | Reached XP level 4. HP: 20/31 MP: 0/0
   656 | D:5      | Entered Level 5 of the Dungeon
   953 | D:1      | Reached skill level 4 in Spellcasting
  1075 | D:1      | Reached XP level 5. HP: 35/35 MP: 0/0
  1075 | D:1      | Learned a level 2 spell: Searing Ray
  2204 | D:3      | Noticed Sigmund
  2218 | D:3      | Killed Sigmund
  2219 | D:3      | Reached skill level 1 in Fighting
  2219 | D:3      | Reached XP level 6. HP: 21/42 MP: 0/0
  2965 | D:3      | Noticed Terence
  2975 | D:3      | Killed Terence
  3208 | D:3      | Reached XP level 7. HP: 28/47 MP: 0/0
  3208 | D:3      | Learned a level 2 spell: Blink
  3575 | D:3      | Found a faded altar of an unknown god.
  3595 | D:3      | Prayed at the altar of an unknown god.
  3595 | D:3      | Became a worshipper of Fedhas Madash
  3595 | D:3      | Reached * piety under Fedhas
  3754 | D:3      | Found a runed translucent door.
  3755 | D:3      | Noticed Crazy Yiuf
  3766 | D:3      | Killed Crazy Yiuf
  4154 | D:4      | Found a glowing silver altar of Zin.
  4315 | D:4      | Reached skill level 5 in Spellcasting
  5138 | D:5      | Reached ** piety under Fedhas
  5141 | D:5      | Reached skill level 1 in Armour
  5387 | D:5      | Reached XP level 8. HP: 35/52 MP: 0/0
  5719 | D:5      | Found a staircase to the Ecumenical Temple.
  5727 | Temple   | Entered the Ecumenical Temple
  5948 | D:5      | Reached skill level 6 in Spellcasting
  6055 | D:5      | Found Safearin's Distillery.
  6058 | D:5      | Bought a potion of heal wounds for 50 gold pieces
  6058 | D:5      | Bought a potion of curing for 30 gold pieces
  6058 | D:5      | Bought a potion of lignification for 30 gold pieces
  6224 | D:5      | Reached XP level 9. HP: 23/59 MP: 0/0
  6224 | D:5      | Learned a level 3 spell: Teleport Other
  6225 | D:5      | Reached skill level 5 in Dodging
  6240 | D:5      | Found an ornate altar of the Wu Jian Council.
  6456 | D:6      | Reached skill level 7 in Spellcasting
  6877 | D:5      | Identified the +9 trident of Trauma {pain, *Slow rPois rC+
                  | Will+++}
  7308 | D:7      | Reached *** piety under Fedhas
  7633 | D:6      | Found a transporter.
  7649 | D:6      | Found a transporter.
  7839 | D:6      | Reached skill level 5 in Armour
  8099 | D:6      | Found Rotudut's Self-Improvement Boutique.
  8116 | D:6      | Reached XP level 10. HP: 59/67 MP: 0/0
  8298 | D:6      | Reached skill level 8 in Spellcasting
  9011 | D:8      | Noticed a two-headed ogre
  9020 | D:8      | Killed a two-headed ogre
  9047 | D:8      | Reached **** piety under Fedhas
  9298 | D:8      | Found Vaedual's Weapon Shoppe.
  9558 | D:7      | Noticed Maggie
  9564 | D:7      | Reached skill level 9 in Spellcasting
  9566 | D:7      | Killed Maggie
 10643 | D:8      | Reached XP level 11. HP: 62/72 MP: 0/0
 10643 | D:8      | Learned a level 4 spell: Olgreb's Toxic Radiance
 10646 | D:8      | Noticed a seven-headed hydra
 10655 | D:8      | Found a burning altar of Makhleb.
 10656 | D:8      | Slain by a seven-headed hydra

Illustrated notes

Levels and vault maps discovered:
D:1:      saegor_arrival_simple_d, layout_basic
D:2:      layout_rooms
D:3:      layout_loops_ring, nicolae_vehumet_altar_sigil,
          basic_ecumenical_altar, uniq_sigmund, uniq_terence,
          uniq_crazy_yiuf_cottage
D:4:      layout_basic, zin_treasury
D:5:      cheibrodos_quashed, layout_basic, lemuel_crystal_altar,
          minmay_temple_entry_ruins, serial_shops, nicolae_shop_behind_doors,
          grunt_ministairs_1
D:6:      gammafunk_steamed_eel, layout_basic, nicolae_shop_self_help
D:7:      minmay_polygon_palace, layout_gridville, hangedman_decor_riveting,
          nrook_uturn, kennysheep_generic_room_16, uniq_maggie
D:8:      layout_layer_cave, mainiacjoe_overflow_swirl, serial_shops,
          nicolae_shop_stone, minmay_microvault
Temple:   nicolae_temple_great_sept

Skill      XL: |  1  2  3  4  5  6  7  8  9 10 |
---------------+-------------------------------+-----
Spellcasting   | 3 4 5 6 7 9 |  9.9
Fighting       | 1 2 3 |  3.7
Dodging        | 3 4 5 |  5.5
Stealth        | 2 3 |  3.4
Armour         | 1 3 5 6 |  6.5

Action                   |  1- 3 |  4- 6 |  7- 9 | 10-12 || total
-------------------------+-------+-------+-------+-------++-------
Melee: Dagger            |       |    11 |       |       ||    11
       Falchion          |       |    74 |     4 |       ||    78
       Punch             |       |     1 |       |       ||     1
       Mace              |       |       |    47 |       ||    47
       Trident           |       |       |    11 |     3 ||    14
 Cast: Foxfire           |    28 |    51 |   128 |    82 ||   289
       Scorch            |       |     6 |    42 |    36 ||    84
       Searing Ray       |       |     6 |     4 |     4 ||    14
       Animate Skeleton  |       |     9 |    28 |    15 ||    52
       Flame Wave        |       |       |     4 |     3 ||     7
       Teleport Other    |       |       |       |     2 ||     2
  Use: Potion            |       |       |       |     1 ||     1
 Stab: Sleeping          |       |     2 |     1 |       ||     3
       Distracted        |       |       |     2 |       ||     2
Armor: Robe              |     1 |    35 |     1 |       ||    37
       Ring mail         |       |       |    49 |       ||    49
       Scale mail        |       |       |    11 |    21 ||    32
       Steam dragon scal |       |       |       |    12 ||    12
Dodge: Dodged            |     6 |    93 |    94 |    54 ||   247
